 Dungeon Crawl Stone Soup version 0.21.1-1-g345015f (webtiles) character file.

1154 pox the Archer (level 8, -6/74 HPs)
             Began as a Centaur Hunter on July 30, 2018.
             Mangled by a gnoll
             ... wielding a +0 flail
              (7 damage)
             ... on level 5 of the Dungeon.
             The game lasted 00:20:45 (7836 turns).

pox the Archer (Centaur Hunter)                     Turns: 7836, Time: 00:20:46

Health: -6/74      AC: 13    Str: 17 (20) XL:     8   Next: 16%
Magic:  0/8        EV: 10    Int: 12 (15) God:
Gold:   247        SH:  0    Dex:  9 (12) Spells: 7/7 levels left

rFire    . . .     SeeInvis .   b - +2 flail (protect)
rCold    . . .     Gourm    .   (no shield)
rNeg     . . .     Faith    .   G - +1 robe {MR+}
rPois    .         Spirit   +   I - +0 helmet
rElec    .         Reflect  .   (no cloak)
rCorr    .         Harm     .   (no gloves)
MR       +....                  (no barding)
Stlth    +.........             u - amulet of guardian spirit
HPRegen  0.22/turn              (no ring)
MPRegen  0.11/turn              (no ring)

@: mighty, brilliant, protection aura, very quick
A: large, hooves 3, deformed body, speed 2, tough skin 3
a: no special abilities


You were on level 5 of the Dungeon.
You were not hungry.

You visited 1 branch of the dungeon, and saw 5 of its levels.
You also visited: Sewer.

You collected 247 gold pieces.

Inventory:

Hand Weapons
 a - a +1 shortbow
 b - a +2 flail of protection (weapon)
 c - a +2 dagger of venom
 k - a +0 short sword
 w - a +0 dagger
 F - a +1 whip of freezing
Missiles
 d - 21 arrows
 t - 222 stones
 A - a throwing net (quivered)
Armour
 G - a +1 robe of magic resistance (worn)
 I - a +0 helmet (worn)
Jewellery
 u - an amulet of guardian spirit (around neck)
Wands
 s - a wand of paralysis (8)
 D - a wand of scattershot (4)
 E - a wand of digging (15)
Scrolls
 g - a scroll of remove curse
 i - 6 scrolls of identify {unknown}
 j - a scroll of noise {unknown}
 l - 2 scrolls of fog {unknown}
 n - 2 scrolls of enchant weapon {unknown}
 q - 5 scrolls of teleportation {unknown}
 r - 4 scrolls of magic mapping {unknown}
Potions
 e - 4 potions of curing {unknown}
 h - a potion of might
 m - a potion of haste {unknown}
 o - a potion of cancellation {unknown}
 p - a potion of degeneration
 v - a potion of brilliance
Comestibles
 f - 4 rations
 B - 2 chunks of flesh


   Skills:
 * Level 8.1 Fighting
 + Level 9.1 Bows
 - Level 1.5 Dodging
 - Level 0.4 Stealth


You had 7 spell levels left.
You didn't know any spells.

Dungeon Overview and Level Annotations

Branches:
Dungeon (5/15)
 Temple: D:4-7

Altars:
Elyvilon
Gozag
Nemelex Xobeh
Sif Muna


Innate Abilities, Weirdness & Mutations

You have hooves in place of feet.
Armour fits poorly on your strangely shaped body.
You cover ground very quickly.
You have extremely tough skin. (AC +3)


Message History

You sock the gnoll!
You kill the gnoll!
The gnoll hits you with a flail.
* * * LOW HITPOINT WARNING * * *
The gnoll closely misses you.
You closely miss the gnoll. Your kick misses the gnoll.
The gnoll hits you with a spear.
* * * LOW HITPOINT WARNING * * *
The gnoll hits you but does no damage. x2
You thump the gnoll!
You kill the gnoll!
The gnoll hits you with a flail.
* * * LOW HITPOINT WARNING * * *
The gnoll barely misses you.
You closely miss the gnoll. Your kick misses the gnoll.
The gnoll hits you but does no damage.
You barely miss the gnoll. You kick the gnoll.
The gnoll is moderately wounded.
The gnoll hits you with a flail!
You die...

#################################
.).........#)..)g..#....#.......#
.)gK...(..)((..)@..#....#......)'
.)........)#########....#########
########..........#..[...#.......
#..........)......'.......
########..........#.)....#.......
...........#########...)#########
...........'.......#....#.......)
...........#.......#....#.......#
#####################))##########


You could see a gnoll.

Vanquished Creatures
  The ghost of morik the Grave Robber, an amateur HONe of Beogh (D:4)
  Edmund (D:5)
  3 big kobolds (D:5)
  A scorpion (D:3)
  A crimson imp (D:3)
  5 orc wizards
  An orc priest (D:4)
  A hound (D:5)
  Terence (D:3)
  2 worker ants (D:5)
  Ijyb (D:4)
  A howler monkey skeleton (D:4)
  10 gnolls
  3 adders
  A shadow imp (D:5)
  An ooze (D:2)
  3 dart slugs (D:1)
  2 worms
  6 leopard geckos
  10 orcs
  4 ball pythons
  6 bats
  10 giant cockroaches
  15 goblins
  8 hobgoblins
  9 jackals
  49 kobolds
  2 quokkas
  10 frilled lizards
  A jackal zombie (D:4)
  A quokka skeleton (D:4)
  6 rats
  A bush (D:1)
  4 plants (Sewer)
181 creatures vanquished.

Vanquished Creatures (others)
  3 plants (Sewer)
3 creatures vanquished.

Grand Total: 184 creatures vanquished

Notes
Turn   | Place    | Note
-------+----------+-------------------------------------------
     0 | D:1      | pox the Centaur Hunter began the quest for the Orb.
     0 | D:1      | Reached XP level 1. HP: 17/17 MP: 1/1
   228 | D:1      | Reached XP level 2. HP: 10/25 MP: 2/2
  1070 | D:1      | Reached XP level 3. HP: 31/31 MP: 3/3
  1548 | D:2      | Reached skill level 6 in Bows
  1848 | D:2      | Reached XP level 4. HP: 39/39 MP: 4/4
  2577 | D:3      | Found a sparkling altar of Nemelex Xobeh.
  2890 | D:3      | Reached XP level 5. HP: 47/47 MP: 5/5
  3173 | D:3      | Found a glowing drain.
  3335 | Sewer    | Entered a sewer
  3565 | Sewer    | Reached skill level 5 in Fighting
  4001 | Sewer    | Reached skill level 7 in Bows
  4223 | D:3      | Noticed Terence
  4257 | D:3      | Killed Terence
  4257 | D:3      | Reached XP level 6. HP: 56/56 MP: 6/6
  5465 | D:4      | Noticed morik's ghost (amateur HONe)
  5575 | D:4      | Killed morik's ghost
  5575 | D:4      | Reached XP level 7. HP: 50/64 MP: 7/7
  5971 | D:4      | Noticed Ijyb
  5986 | D:4      | Killed Ijyb
  6373 | D:5      | Entered Level 5 of the Dungeon
  6414 | D:5      | Reached skill level 8 in Bows
  6552 | D:5      | Noticed Edmund
  6599 | D:5      | Killed Edmund
  7495 | D:5      | Found a deep blue altar of Sif Muna.
  7499 | D:5      | Found an opulent altar of Gozag.
  7500 | D:5      | Found a white marble altar of Elyvilon.
  7781 | D:5      | Reached XP level 8. HP: 71/74 MP: 8/8
  7807 | D:5      | Reached skill level 9 in Bows
  7833 | D:5      | HP: 1/74 [gnoll/spear (4)]
  7836 | D:5      | Mangled by a gnoll

Skill      XL: |  1  2  3  4  5  6  7  8 |
---------------+-------------------------+-----
Fighting       | 3 4 5 6 7 8 |  8.1
Bows           | 6 7 8 9 |  9.1
Dodging        | |  1.5
Stealth        | |  0.4

Action                   |  1- 3 |  4- 6 |  7- 9 || total
-------------------------+-------+-------+-------++-------
Melee: Short sword       |    14 |       |       ||    14
       Kick              |    67 |    52 |    39 ||   158
       Dagger            |   148 |     3 |    31 ||   182
       Whip              |       |   142 |    10 ||   152
       Flail             |       |       |   112 ||   112
 Fire: Shortbow          |    62 |   173 |    62 ||   297
Throw: Stone             |       |     4 |       ||     4
       Throwing net      |       |     1 |       ||     1
  Use: Scroll            |       |     1 |     1 ||     2
       Potion            |       |       |     5 ||     5
  Eat: Chunk             |     2 |    10 |     3 ||    15
       Ration            |       |       |     1 ||     1
Armor: Skin              |    21 |       |       ||    21
       Robe              |       |    15 |   107 ||   122
Dodge: Dodged            |    28 |    51 |   148 ||   227
